Unix NetHack Version 5.0.0-0 post-release - last build Jun 10 2026 00:39:30 (3ee93aec679c4c4259841fe613dc97188e26a321,branch:main).

Game began 2026-06-30 13:20:30, ended 2026-06-30 13:26:11.

DrabEmordnilap, neutral male human Tourist

                                            -----               ---------
                                           #-....               |.......|
                                           #|.B@|               .....<..|
                                            |...f#              |.......|
                                            |...|#              -----.---
                                            |...|#                   #
                                            --+--#                   #
                                                 #                   #
                                                 #                   ###
                                              ####                     #
                                              #-------                 ##
                                              #-.....|         ---------.-----
                                               |>....|         |.............|
                                               |.....-#########-.............|
                                               -------         |.............|
                                                               |.............|
                                                               ---------------

DrabEmordnilap the Rambler  St:11 Dx:11 Co:16 In:14 Wi:7 Ch:17  Neutral
Dlvl:3  $:943 HP:0(10) Pw:0(0) AC:5  Xp:1 T:841 

Latest messages:
 It is not so easy to open this tin.
 You succeed in opening the tin.
 It contains spinach.
 Eat it? [yn] (n) y
 This makes you feel like Popeye!
 Your movements are now unencumbered.
 The door opens.
 You stop.  Your kitten is in the way!
 You descend the stairs.
 You climb up the stairs.
 You stop.  Your kitten is in the way!
 You swap places with your kitten.
 The grid bug misses!
 The kitten misses the grid bug.
 You see here a chest.
 The kitten bites the grid bug.
 The grid bug is killed!
 Hmmm, the chest turns out to be locked.
 Unlock it with your credit card? [ynq] (q) y
 You succeed in picking the lock.
 You have a little trouble removing a smoky potion.  Continue? [ynq] (q) y
 You have a little trouble removing s - a smoky potion.
 t - an agate ring.
 u - a jade ring.
 v - a moonstone ring.
 w - a red gem.
 Your movements are slowed slightly because of your load.
 The door opens.
 You stop.  Your kitten is in the way!
 You swap places with your kitten.
 You see here an empty unlocked chest.
 The kitten misses it.
 You have trouble lifting an empty unlocked chest.  Continue? [ynq] (q) y
 You have trouble lifting x - an empty unlocked chest.
 You rebalance your load.  Movement is difficult.
 The bat bites!
 The bat bites!
 What do you want to drop? [$a-eg-x or ?*] <esc>
 Never mind.
 You drop 48 darts.
 You drop an empty unlocked chest.
 Your movements are now unencumbered.
 The bat bites!
 The bat bites!
 You die...
 Do you want your possessions identified? [ynq] (y) y
 Do you want to see your attributes? [ynq] (y) y
 Do you want an account of creatures vanquished? [ynaq] (y) y
 Do you want to see your conduct and achievements? [ynq] (y) y
 Do you want to see the dungeon overview? [ynq] (y) y

Inventory:
 Coins    ('$')
  $ - 943 gold pieces
 Weapons  (')')
  a - 35 +2 darts (at the ready)
 Armor    ('[')
  k - an uncursed +0 Hawaiian shirt with a palm tree motif (being worn)
  o - an uncursed +0 chain mail (being worn)
 Comestibles  ('%')
  e - 2 uncursed tacos
  h - an uncursed cram ration
  b - 4 uncursed food rations
  m - an uncursed melon
  c - an uncursed tripe ration
  g - an uncursed egg
 Scrolls  ('?')
  p - an uncursed scroll of enchant armor
  j - 4 uncursed scrolls of magic mapping
 Potions  ('!')
  i - 2 uncursed potions of extra healing
  r - an uncursed potion of gain ability
  s - an uncursed potion of invisibility
 Rings    ('=')
  v - a cursed ring of polymorph
  u - an uncursed ring of regeneration
  t - an uncursed ring of sustain ability
 Tools    ('(')
  d - an uncursed credit card
  l - an expensive camera (0:92)
 Gems/Stones  ('*')
  w - an uncursed worthless piece of red glass
 Boulders/Statues  ('`')
  n - an empty uncursed statue of a newt

DrabEmordnilap the Tourist's attributes:

Background:
 You were a Rambler, a level 1 male human Tourist.
 You were neutral, on a mission for The Lady
 who was opposed by Blind Io (lawful) and Offler (chaotic).
 You were left-handed.
 You were in the Dungeons of Doom, on level 3.
 You entered the dungeon 841 turns ago.
 There was a full moon in effect when your adventure ended.
 You had 9 experience points, 11 more were needed to attain level 2.

Basics:
 You had 0 out of 10 hit points.
 You had no energy points (spell power).
 Your armor class was 5.
 Your wallet contained 943 zorkmids.
 Autopickup was off.

Final Characteristics:
 Your strength was 11 (limit:18/100).
 Your dexterity was 11 (limit:18).
 Your constitution was 16 (limit:18).
 Your intelligence was 14 (limit:18).
 Your wisdom was 7 (limit:18).
 Your charisma was 17 (limit:18).

Final Status:
 You weren't hungry.
 You were unencumbered.
 You were bare handed.
 You were unskilled in bare handed combat.

Final Attributes:
 You were nominally aligned.
 You were warded.
 You were lucky.
 You are dead.

Miscellaneous:
 You didn't encounter any bones levels.
 Total elapsed playing time was 5 minutes and 40 seconds.

Major events:
 Turn
    1: DrabEmordnilap the neutral male human Tourist entered the dungeon
  799: entered the Gnomish Mines
  841: killed by a bat

You didn't know any spells.

Skills:
 Fighting Skills
   bare handed combat [Unskilled]
   two weapon combat  [Unskilled]
   riding             [Unskilled]
 Weapon Skills
   dagger             [Unskilled]
   knife              [Unskilled]
   axe                [Unskilled]
   pick-axe           [Unskilled]
   short sword        [Unskilled]
   broadsword         [Unskilled]
   long sword         [Unskilled]
   two-handed sword   [Unskilled]
   saber              [Unskilled]
   mace               [Unskilled]
   morning star       [Unskilled]
   flail              [Unskilled]
   hammer             [Unskilled]
   quarterstaff       [Unskilled]
   polearms           [Unskilled]
   spear              [Unskilled]
   trident            [Unskilled]
   lance              [Unskilled]
   bow                [Unskilled]
   sling              [Unskilled]
   crossbow           [Unskilled]
   dart               [Basic]
   shuriken           [Unskilled]
   boomerang          [Unskilled]
   whip               [Unskilled]
   unicorn horn       [Unskilled]
 Spellcasting Skills
   divination spells  [Unskilled]
   enchantment spells [Unskilled]
   escape spells      [Unskilled]

Voluntary challenges:
 Character rerolling was not enabled.
 You followed a strict vegan diet.
 You were an atheist.
 You never hit with a wielded weapon.
 You were a pacifist.
 You were illiterate.
 You never genocided any monsters.
 You never polymorphed an object.
 You never changed form.
 You used no wishes.
Achievement:
 You entered the Gnomish Mines.

 The Dungeons of Doom: levels 1 to 3
    Level 1: "vault"
    Level 2: "vault"
    Level 3: <- You were here.
       Stairs down to The Gnomish Mines.
       Final resting place for
          you, killed by a bat.
 The Gnomish Mines:
    Level 4:


Vanquished creatures:
  a large kobold
  a gecko
  4 jackals
  a fox
  a kobold
  4 grid bugs
  3 newts
15 creatures vanquished.

No species were genocided or became extinct.

Game over:
                       ----------
                      /          \
                     /    REST    \
                    /      IN      \
                   /     PEACE      \
                  /                  \
                  |  DrabEmordnilap  |
                  |      943 Au      |
                  | killed by a bat  |
                  |                  |
                  |                  |
                  |                  |
                  |       2026       |
                 *|     *  *  *      | *
        _________)/\\_//(\/(/\)/\//\/|_)_______

Aloha DrabEmordnilap the Tourist...

You died in The Dungeons of Doom on dungeon level 3 with 245 points,
and 943 pieces of gold, after 841 moves.
You were level 1 with a maximum of 10 hit points when you died.

